 Dungeon Crawl Stone Soup version 0.17-a0-2027-gcac42c4 (webtiles) character file.

17840 kae the Fencer (level 12, -2/112 HPs)
             Began as a Minotaur Fighter on Oct 10, 2015.
             Was an Elder of Qazlal.
             Slain by Frances
             ... wielding a +0 dire flail
              (17 damage)
             ... on level 12 of the Dungeon.
             The game lasted 00:17:59 (14034 turns).

kae the Fencer (Minotaur Fighter)                  Turns: 14034, Time: 00:17:59

Health: -2/112     AC: 12    Str: 21    XL:     12   Next: 22%
Magic:  27/27      EV:  9    Int:  7    God:    Qazlal [****..]
Gold:   566        SH: 15    Dex: 13    Spells: 0 memorised, 11 levels left

rFire  + . .     SeeInvis .     a - +1 long sword
rCold  + + +     Clarity  .     i - +1 scale mail "Disuavuh" {+Inv rC++ rN+ MP+9}
rNeg   + . .     SustAt   .     c - +0 shield
rPois  +         Gourm    .     (helmet unavailable)
rElec  .         Spirit   .     o - +1 cloak {rPois}
rCorr  .         Warding  .     (no gloves)
rMut   .         Stasis   .     E - +1 pair of boots {rC+}
MR     .....                    (no amulet)
Stlth  +.........               O - ring of stealth
                                L - ring of protection from fire

@: repel missiles, not resistant to hostile enchantments, very unstealthy
A: retaliatory headbutt, horns 3, repulsion field 1
a: Upheaval, Elemental Force, Renounce Religion, Evoke Invisibility


You were on level 12 of the Dungeon.
You worshipped Qazlal.
Qazlal was greatly pleased with you.
You were not hungry.

You visited 1 branch of the dungeon, and saw 12 of its levels.
You also visited: Ice Cave.

You collected 836 gold pieces.
You spent 270 gold pieces at shops.

Inventory:

Hand Weapons
 a - a +1 long sword (weapon)
 g - a +0 scimitar
 R - a cursed -1 scimitar
Armour
 c - a +0 shield (worn)
 i - the +1 scale mail "Disuavuh" (worn) {+Inv rC++ rN+ MP+9}
   (You bought it in a shop on level 5 of the Dungeon)

   It greatly protects you from cold.
   It protects you from negative energy.
   It affects your magic capacity (+9).
   It lets you turn invisible.
 o - a +1 cloak of poison resistance (worn)
 C - a +1 cloak of invisibility
 E - a +1 pair of boots of cold resistance (worn)
Jewellery
 L - a ring of protection from fire (left hand)
 O - a ring of stealth (right hand)
Wands
 b - a wand of cold (4)
 v - a wand of frost (9)
 y - a wand of draining (7)
 z - a wand of polymorph (8)
 F - a wand of polymorph (10)
 N - a wand of cold (0)
Scrolls
 f - 4 scrolls of enchant weapon
 j - 3 scrolls of teleportation
 r - 3 scrolls of remove curse
 u - 3 scrolls of enchant armour
 w - a scroll of blinking
 x - a scroll of fear
 A - 3 scrolls of amnesia
 B - a scroll of magic mapping
 G - 6 scrolls of recharging
 K - a scroll of identify
Potions
 h - 4 potions of curing
 k - 2 potions of brilliance
 l - 2 potions of ambrosia
 m - 2 potions of cancellation
 n - 2 potions of mutation
 s - 2 potions of heal wounds
 t - a potion of haste
 P - a potion of flight {unknown}
Books
 d - a book of Hinderance

   Spells                             Type                      Level
   a - Confusing Touch                Hexes                        2
   b - Confuse                        Hexes                        3
   c - Gell's Gravitas                Hexes/Translocation          3
   d - Petrify                        Transmutation/Earth          4
   e - Metabolic Englaciation         Hexes/Ice                    5
 q - a book of Summonings

   Spells                             Type                      Level
   a - Recall                         Summoning/Translocation      3
   b - Aura of Abjuration             Summoning                    5
   c - Shadow Creatures               Summoning                    5
   d - Summon Demon                   Summoning                    5
   e - Summon Forest                  Summoning/Translocation      5
   f - Summon Mana Viper              Hexes/Summoning              5
 H - a book of Spatial Translocations

   Spells                             Type                      Level
   a - Apportation                    Translocation                1
   b - Blink                          Translocation                2
   c - Shroud of Golubria             Charms/Translocation         2
   d - Portal Projectile              Translocation                3
   e - Teleport Other                 Translocation                3
   f - Passage of Golubria            Translocation                4
 J - a book of Geomancy

   Spells                             Type                      Level
   a - Sandblast                      Earth                        1
   b - Stoneskin                      Transmutation/Earth          2
   c - Passwall                       Transmutation/Earth          3
   d - Stone Arrow                    Conjuration/Earth            3
   e - Petrify                        Transmutation/Earth          4
   f - Lee's Rapid Deconstruction     Earth                        5
 M - a book of Debilitation

   Spells                             Type                      Level
   a - Corona                         Hexes                        1
   b - Slow                           Hexes                        2
   c - Gell's Gravitas                Hexes/Translocation          3
   d - Inner Flame                    Hexes/Fire                   3
   e - Cause Fear                     Hexes                        4
   f - Leda's Liquefaction            Hexes/Earth                  4
Comestibles
 e - 6 bread rations
 p - 7 meat rations
 D - 3 beef jerkies
 I - 3 royal jellies
 Q - a chunk of flesh


   Skills:
 - Level 12.1 Fighting
 - Level 16.2 Long Blades
 - Level 3.6 Armour
 - Level 3.6 Shields
 + Level 10.4 Invocations


You had 11 spell levels left.
You didn't know any spells.

Dungeon Overview and Level Annotations

Branches:
Dungeon (12/15)            Temple (0/1) D:5            Lair (0/8) D:9
    Orc (0/4) D:11

Altars:
Cheibriados
Dithmenos
Elyvilon
Fedhas
Nemelex Xobeh
Okawaru
Qazlal
Sif Muna
Xom
Zin
The Shining One

Shops:
D:5 ([[   D:7 }   D:8 %

Annotations:
D:12 Frances


Innate Abilities, Weirdness & Mutations

You reflexively headbutt those who attack you in melee.
You have a pair of large horns on your head.
You are surrounded by a mild repulsion field (EV +2).


Message History

Frances is almost dead.
You block the sixfirhy's attack.
You hit Frances but do no damage.
Frances is almost dead.
The sixfirhy hits you! The sixfirhy shocks you!
* * * LOW HITPOINT WARNING * * *
The sixfirhy barely misses you. You furiously retaliate!
You headbutt the sixfirhy! Frances barely misses you.
You block the sixfirhy's attack. You block the wraith's attack.
A gargoyle comes into view. It is wielding a flail.
You are too injured to fight recklessly!
You are too injured to fight recklessly!
Your shield and scale mail "Disuavuh" prevent you from hitting Frances.
Frances is almost dead.
You block the sixfirhy's attack. The sixfirhy hits you.
* * * LOW HITPOINT WARNING * * *
The sixfirhy shocks you!
* * * LOW HITPOINT WARNING * * *
Frances hits you with a dire flail!
You die...

.#8.8#.........##>
.....................
.#8.8###.......# ...
.##.####.......##...
#.....##........+.9
#.....##.......##'####
#..............##....##
'...............§4§...#
#..............W@.§...#
#.....##).....§##@....#
#.....##......§# ...%.#
......#.......W# ..$.##
......+........# ....#
#........' ......
##.......# ..>....
#?......# ...(...


You could see Frances, a sixfirhy, a wraith and a gargoyle.

Vanquished Creatures
  Maud (D:10)
  The ghost of Alipheese the Cleaver, a novice NaGl of Okawaru (D:10)
  2 ice devils (IceCv)
  2 ice statues (IceCv)
  Pikel (D:7)
  A hill giant (D:11)
  2 ugly things (D:11)
  Maurice (D:11)
  2 kobold demonologists (D:11)
  2 trolls
  A merfolk (D:9)
  5 blue devils (IceCv)
  Grinder (D:3)
  Prince Ribbit (D:7)
  2 two-headed ogres
  2 shadows (D:11)
  A wyvern (D:9)
  A wraith (D:11)
  Eustachio (D:4)
  10 yaks (D:10)
  Grum (D:8)
  A deep elf fighter (D:9)
  A hippogriff (D:9)
  Edmund (D:4)
  3 wolves (D:8)
  2 water moccasins
  3 ice beasts
  Duvessa (D:7)
  4 slaves (D:7)
  2 phantoms
  5 sky beasts
  A black bear (D:8)
  6 ogres
  4 orc warriors
  A crocodile (D:9)
  4 centaurs
  6 giant frogs
  3 big kobolds
  Blork the orc (D:4)
  A water moccasin zombie (D:6)
  Dowan (D:7)
  A scorpion (D:4)
  5 killer bees (D:9)
  5 crimson imps
  3 centaur zombies
  A giant frog zombie (D:6)
  3 jellies
  4 orc priests
  Crazy Yiuf (D:7)
  A wasp zombie (D:11)
  7 hounds
  5 iguanas
  Jessica (D:2)
  Natasha (thrice) (D:4)
  11 orc wizards
  5 worker ants
  A killer bee zombie (D:5)
  2 hound skeletons
  A worker ant zombie (D:7)
  15 adders
  3 river rats (D:9)
  3 gnolls (D:10)
  6 white imps (IceCv)
  4 shadow imps
  6 ufetubi (IceCv)
  2 adder skeletons
  An adder zombie (D:5)
  3 worms
  4 giant geckos
  42 orcs
  8 ball pythons
  4 goblins
  9 hobgoblins
  23 jackals
  3 quokkas
  A ball python skeleton (D:4)
  16 bats
  7 giant cockroaches
  8 giant newts
  A jackal skeleton (D:7)
  A jackal zombie (D:9)
  15 kobolds
  A quokka zombie (D:5)
  18 rats
  3 fungi (D:9)
  A plant (D:9)
360 creatures vanquished.

Vanquished Creatures (others)
  The ghost of cireshan the Thaumaturge, a novice DECj of Sif Muna (D:9)
  A worker ant (D:9)
  2 white imps (IceCv)
  3 ufetubi (IceCv)
  A fulminant prism (D:9)
  2 fungi (D:9)
10 creatures vanquished.

Grand Total: 370 creatures vanquished

Notes
Turn   | Place    | Note
--------------------------------------------------------------
     0 | D:1      | kae the Minotaur Fighter began the quest for the Orb.
     0 | D:1      | Reached XP level 1. HP: 19/19 MP: 0/0
   245 | D:1      | Reached XP level 2. HP: 24/26 MP: 1/1
   452 | D:1      | Reached skill level 4 in Long Blades
  1049 | D:2      | Reached XP level 3. HP: 23/31 MP: 2/2
  1212 | D:2      | Noticed Jessica
  1214 | D:2      | Killed Jessica
  1214 | D:2      | Reached skill level 5 in Long Blades
  1359 | D:2      | Reached XP level 4. HP: 37/39 MP: 3/3
  1482 | D:2      | Found a shadowy altar of Dithmenos.
  1503 | D:2      | Found a glowing golden altar of the Shining One.
  1767 | D:3      | Found a blossoming altar of Fedhas.
  1768 | D:3      | Found an iron altar of Okawaru.
  2124 | D:3      | Reached skill level 6 in Long Blades
  2189 | D:3      | Noticed Grinder
  2195 | D:3      | Killed Grinder
  2195 | D:3      | Reached skill level 7 in Long Blades
  2195 | D:3      | Reached XP level 5. HP: 39/45 MP: 4/4
  2195 | D:3      | Reached XP level 6. HP: 44/51 MP: 5/5
  2654 | D:4      | Reached skill level 8 in Long Blades
  3125 | D:3      | Reached skill level 9 in Long Blades
  3286 | D:3      | Reached XP level 7. HP: 50/57 MP: 6/6
  3424 | D:4      | Noticed Natasha
  3430 | D:4      | Killed Natasha
  3462 | D:4      | Noticed Eustachio
  3529 | D:4      | Killed Eustachio
  3529 | D:4      | Reached skill level 10 in Long Blades
  3694 | D:4      | Noticed Edmund
  3714 | D:4      | Noticed Natasha
  3715 | D:4      | Killed Edmund
  3723 | D:4      | Killed Natasha
  4003 | D:4      | Noticed Natasha
  4014 | D:4      | Killed Natasha
  4073 | D:4      | Reached skill level 11 in Long Blades
  4073 | D:4      | Reached XP level 8. HP: 25/64 MP: 7/7
  4275 | D:4      | Noticed Blork the orc
  4608 | D:4      | Killed Blork the orc
  4631 | D:4      | Gained mutation: You have a pair of large horns on your head. [potion of beneficial mutation]
  4782 | D:4      | Found a deep blue altar of Sif Muna.
  4806 | D:5      | Entered Level 5 of the Dungeon
  5005 | D:5      | Reached skill level 12 in Long Blades
  5011 | D:5      | Found Emoakar's Antique Armour Boutique.
  5023 | D:5      | Bought a faintly glowing scale mail for 180 gold pieces
  5023 | D:5      | Bought a glowing cloak for 90 gold pieces
  5043 | D:5      | Identified the +1 scale mail "Disuavuh" {+Inv rC++ rN+ MP+9} (You bought it in a shop on level 5 of the Dungeon)
  5272 | D:5      | Found a stormy altar of Qazlal.
  5289 | D:5      | Became a worshipper of Qazlal Stormbringer
  5295 | D:5      | Found a white marble altar of Elyvilon.
  5406 | D:5      | Reached skill level 13 in Long Blades
  5452 | D:5      | Found Oxkawkau's Antique Weapon Boutique.
  5571 | D:5      | Found a staircase to the Ecumenical Temple.
  5577 | D:5      | Reached XP level 9. HP: 62/70 MP: 8/8
  5743 | D:5      | Found a glowing silver altar of Zin.
  5800 | D:5      | Found Tenoisot's Antique Armour Shoppe.
  6079 | D:6      | Reached skill level 14 in Long Blades
  6100 | D:6      | Acquired Qazlal's first power
  6588 | D:7      | Noticed Dowan
  6605 | D:7      | Killed Dowan
  6707 | D:7      | Noticed Duvessa
  6723 | D:7      | Killed Duvessa
  7301 | D:7      | Noticed Pikel
  7330 | D:7      | Killed Pikel
  7330 | D:7      | Reached skill level 15 in Long Blades
  7334 | D:7      | Noticed Prince Ribbit
  7340 | D:7      | Killed Prince Ribbit
  7553 | D:7      | Found Dointumo's Gadget Emporium.
  7796 | D:7      | Noticed Crazy Yiuf
  7805 | D:7      | Killed Crazy Yiuf
  7947 | D:7      | Reached skill level 16 in Long Blades
  8311 | D:8      | Found Teciuzor's Food Shoppe.
  8368 | D:8      | Reached XP level 10. HP: 60/77 MP: 9/9
  8383 | D:8      | Found a shimmering altar of Xom.
  8440 | D:8      | Noticed Grum
  8486 | D:8      | Reached skill level 5 in Fighting
  8643 | D:8      | Killed Grum
  8701 | D:8      | Acquired Qazlal's second power
  9220 | D:9      | Noticed cireshan's ghost (novice DECj)
  9252 | D:9      | Killed cireshan's ghost
  9325 | D:9      | Reached skill level 10 in Fighting
  9454 | D:9      | Found a sparkling altar of Nemelex Xobeh.
  9481 | D:9      | Acquired Qazlal's third power
  9613 | D:9      | Found a staircase to the Lair.
  9770 | D:10     | Entered Level 10 of the Dungeon
  9773 | D:10     | Gained mutation: You are surrounded by a mild repulsion field (EV +2). [potion of beneficial mutation]
  9808 | D:10     | Found a snail-covered altar of Cheibriados.
  9981 | D:10     | Noticed Alipheese's ghost (novice NaGl)
 10020 | D:10     | Killed Alipheese's ghost
 10020 | D:10     | Reached XP level 11. HP: 37/102 MP: 10/10
 10346 | D:10     | Noticed Maud
 10849 | D:10     | Reached skill level 1 in Invocations
 11258 | D:10     | Killed Maud
 11258 | D:10     | Reached skill level 5 in Invocations
 11670 | D:11     | Acquired Qazlal's fourth power
 11718 | D:11     | Found a staircase to the Orcish Mines.
 11788 | D:11     | Noticed a hill giant
 11803 | D:11     | Killed a hill giant
 11814 | D:11     | Noticed Maurice
 11837 | D:11     | Killed Maurice
 12181 | D:11     | Found a frozen archway.
 12190 | IceCv    | Entered an ice cave
 12226 | IceCv    | Noticed an ice statue
 12226 | IceCv    | Noticed an ice statue
 12235 | IceCv    | Killed an ice statue
 12481 | IceCv    | Killed an ice statue
 12582 | IceCv    | Noticed an ice devil
 12592 | IceCv    | Killed an ice devil
 12592 | IceCv    | Reached XP level 12. HP: 68/112 MP: 18/18
 12999 | IceCv    | Noticed an ice devil
 13012 | IceCv    | Killed an ice devil
 13453 | D:11     | Reached skill level 10 in Invocations
 14016 | D:12     | Noticed Frances
 14034 | D:12     | Slain by Frances

Vault maps used:
D:1:      saegor_arrival_simple_a
D:2:      nicolae_overflow_hidden_temple, grunt_dithmenos_smoke, uniq_jessica
D:3:      grunt_temple_overflow_open, hex_tiny, uniq_grinder
D:4:      tgw_sif, uniq_edmund, uniq_natasha, uniq_eustachio
D:5:      lemuel_round_altar, zin_treasury, old_standard_altar,
          minmay_temple_entry_junction, first_bread, serial_shops,
          kennysheep_mini, nicolae_shop_stone, nicolae_shop_waterfront
D:7:      serial_shops, nicolae_shop_trees, uniq_prince_ribbit1, uniq_pikel,
          uniq_duvessa, uniq_crazy_yiuf_cottage
D:8:      basic_altar, serial_shops, kennysheep_little_box, uniq_grum
D:9:      lemuel_round_altar, grunt_lair_entry_elf_guard_hut,
          hangedman_fish_farm
D:10:     cheibriados_altar_1, uniq_maud
D:11:     boulder_indie, hiddenorc1_lemuel, portal_ice_cave_entry_pillars_01,
          onia_ninara_dug_in_and_dangerous, uniq_maurice
D:12:     thingy_vault, small_statue_intersection, bh_walls_and_bars,
          uniq_frances
IceCv:    ice_cave_small_demon

Action                   |  1- 3 |  4- 6 |  7- 9 | 10-12 || total
-------------------------+-------+-------+-------+-------++-------
Melee: Long sword        |   103 |   114 |   503 |   764 ||  1484
Evoke: Wand              |       |       |     8 |     7 ||    15
  Use: Potion            |       |     1 |     4 |     4 ||     9
       Scroll            |       |       |    16 |     5 ||    21
  Eat: Chunk             |     2 |     6 |    15 |    17 ||    40
       Fruit             |       |       |     1 |     1 ||     2
       Pizza             |       |       |       |     1 ||     1
